 Dungeon Crawl Stone Soup version 0.31-a0-188-g5e087ee2ca (webtiles) character file.

Game seed: 14209733909924159527

63 qw the Shooter (level 3, -2/20 HPs)
             Began as a Deep Elf Hunter on June 22, 2023.
             Slain by Sigmund
             ... wielding a +0 scythe
              (9 damage)
             ... on level 2 of the Dungeon.
             The game lasted 00:00:26 (1227 turns).

qw the Shooter (Deep Elf Hunter)                    Turns: 1227, Time: 00:00:26

Health: -2/20      AC:  3    Str: 10    XL:     3   Next: 89%
Magic:  5/5        EV: 12    Int: 13    God:
Gold:   100        SH:  0    Dex: 18    Spells: 2/2 levels left

rFire   . . .        Y - +1 shortbow
rCold   . . .        (shield currently unavailable)
rNeg    . . .        c - +0 leather armour
rPois   .            (no helmet)
rElec   .            (no cloak)
rCorr   .            (no gloves)
SInv    .            (no boots)
Will    .....        (no amulet)
Stlth   ++           (no ring)
HPRegen 0.23/turn    (no ring)
MPRegen 0.09/turn

%: no passive effects
@: no status effects
A: no striking features
a: no special abilities


You were on level 2 of the Dungeon.
You visited 1 branch of the dungeon, and saw 2 of its levels.

You collected 100 gold pieces.


   Skills:
 - Level 1.5 Fighting
 + Level 7.3 Ranged Weapons
 - Level 2.4 Dodging
 - Level 1.2 Stealth


You had 2 spell levels left.
You didn't know any spells.
Your spell library was empty.

Inventory:

Hand Weapons
 Y - a +1 shortbow (weapon)
Armour
 b - a +2 robe of positive energy
 c - a +0 leather armour (worn)
 f - a +1 ring mail of poison resistance
Scrolls
 a - a scroll of identify
Potions
 d - 2 potions of lignification {unknown}
 e - 3 potions of haste {unknown}
 g - a potion of degeneration {unknown}

Dungeon Overview and Level Annotations

Branches:
Dungeon (2/15)

Altars:

Annotations:
D:2 Sigmund


Message History

Enter note:
Enter note:
Enter note:
Enter note: You shoot an arrow.
The arrow hits the ball python!
You kill the ball python!
f - a +1 ring mail of poison resistance
Enter note:
Enter note:
Enter note:
Enter note:
There is a stone staircase leading down here.
Sigmund the Dreaded comes into view.
He is wielding a +0 scythe.
Enter note:
Enter note:
Enter note:
Enter note: You shoot an arrow.
The arrow hits Sigmund.
Sigmund shouts!
Sigmund is lightly wounded.
Sigmund casts a spell.
Sigmund flickers and vanishes!
Deactivating autopickup; reactivate with Ctrl-A.
A kobold comes into view. It is wielding a +0 club.
A kobold comes into view. It is wielding a +0 whip.
You shoot an arrow. The arrow barely misses the kobold.
The kobold shouts!
You shoot an arrow. The arrow misses the kobold.
The kobold throws a stone.
The stone closely misses you.
A rat comes into view.
You shoot an arrow.
You are confused.
A dart slug comes into view.
The kobold throws a stone.
The stone hits you but does no damage. Something hits you. Something hits you!
Ouch! That really hurt!
You feel less confused. Something hits you!
You die... .# ## #.. ## ... .# .Kw

.# #r# .# #K# .#
### #.# .# ##.##
#.# .# ##...###@#
#########........#
<...........[#####
####.#.##.#>##
#.#.##.#.#
#.#......#
#.####.### #.# #.#
#.. ..#


You could see a dart slug, 2 kobolds and a rat.

Vanquished Creatures
  Jessica (D:2)
  A dart slug (D:2)
  6 bats
  5 endoplasms
  A giant cockroach (D:2)
  4 hobgoblins
  3 kobolds
  A ball python (D:2)
  A frilled lizard (D:2)
  6 goblins (D:2)
  4 rats
33 creatures vanquished.

Notes
Turn   | Place    | Note
-------+----------+-------------------------------------------
     0 | D:1      | qw the Deep Elf Hunter began the quest for the Orb.
     0 | D:1      | Reached XP level 1. HP: 12/12 MP: 3/3
     0 | D:1      | 0 ||| qw: Version: 0.3-a-9-g12657ce
     0 | D:1      | 0 ||| qw: Game counter: 3056
     0 | D:1      | 0 ||| qw: Always use a shield: true
     0 | D:1      | 0 ||| qw: God list: Okawaru
     0 | D:1      | 0 ||| qw: Allow faded altars: false
     0 | D:1      | 0 ||| qw: Do Orc after D:15 true
     0 | D:1      | 0 ||| qw: Do second Lair branch before Depths: true
     0 | D:1      | 0 ||| qw: Lair rune preference: random
     0 | D:1      | 0 ||| qw: Plans: Normal
     0 | D:1      | 0 ||| PLANNING D:1-11
   386 | D:1      | Reached skill level 6 in Ranged Weapons
   386 | D:1      | Reached XP level 2. HP: 16/16 MP: 4/4
   783 | D:1      | 783 ||| READING 2 scrolls labelled WEKHYLULISM.
   784 | D:1      | 784 ||| READING scroll labelled QIOPSOYSHRE.
   785 | D:1      | 785 ||| READING scroll labelled CYSULU ZEUTUSU.
   786 | D:1      | 786 ||| READING scroll labelled XOEJI DYSYE.
   790 | D:1      | 790 ||| READING scroll labelled YCWOFO FIN.
   791 | D:1      | 791 ||| DROPPING scroll of butterflies.
   864 | D:2      | Found a faded altar of an unknown god.
   993 | D:2      | Reached XP level 3. HP: 20/20 MP: 5/5
  1134 | D:2      | Noticed Jessica
  1136 | D:2      | 1136 ||| Stepping ~*~*~tactically~*~*~ (outnumbered).
  1139 | D:2      | 1139 ||| Stepping ~*~*~tactically~*~*~ (outnumbered).
  1141 | D:2      | Killed Jessica
  1142 | D:2      | Reached skill level 7 in Ranged Weapons
  1217 | D:2      | Noticed Sigmund
  1227 | D:2      | Slain by Sigmund

Levels and vault maps discovered:
D:1:      co_arrival_random_square_maze, layout_basic
D:2:      layout_loops_cross, basic_ecumenical_altar, uniq_jessica, uniq_sigmund

Skill      XL: |  1  2  3 |
---------------+----------+-----
Ranged Weapons | 6 7 |  7.3
Fighting       | |  1.5
Dodging        | |  2.4
Stealth        | |  1.2

Action                     || total
---------------------------++-------
   Fire: Shortbow          ||    86
    Use: Scroll            ||     5
 Armour: Leather armour    ||    14
  Dodge: Dodged            ||    22

Table legend:
 A = Non-vault XP
 B = Vault XP
 C = Vault XP percentage of total XP
 D = Non-vault monster count
 E = Vault monster count
 F = Vault count percentage of total count
                 A         B        C        D         E       F
            +---------+---------+-------+---------+---------+-------
      Total |      54 |      37 |  40.7 |      32 |       1 |   3.0
            +---------+---------+-------+---------+---------+-------
        D:1 |      18 |       0 |   0.0 |      11 |       0 |   0.0
        D:2 |      36 |      37 |  50.7 |      21 |       1 |   4.5
            +---------+---------+-------+---------+---------+-------
